 Dungeon Crawl Stone Soup version 0.22.1-2-g9c5b331 (webtiles) character file.

11104 sudoninja17 the Fighter (level 11, -4/124 HPs)
             Began as a Troll Berserker on Dec 27, 2018.
             Was a High Priest of Trog.
             Slain by a six-headed hydra (11 damage)
             ... on level 13 of the Dungeon.
             The game lasted 00:23:58 (5581 turns).

sudoninja17 the Fighter (Troll Berserker)           Turns: 5581, Time: 00:24:00

Health: -4/124     AC:  7    Str: 30    XL:     11   Next: 44%
Magic:  10/10      EV: 11    Int:  4    God:    Trog [*****.]
Gold:   328        SH:  0    Dex: 11    Spells: 10/10 levels left

rFire    . . .     SeeInvis .   y - +4 dire flail (venom)
rCold    . . .     Gourm    +   (shield currently unavailable)
rNeg     . . .     Faith    .   a - +1 animal skin
rPois    .         Spirit   .   (helmet restricted)
rElec    .         Reflect  .   g - scarf {cloud immunity}
rCorr    +         Harm     .   (gloves unavailable)
MR       .....                  (boots unavailable)
Stlth    +.........             l - amulet of regeneration
HPRegen  1.10/turn              r - ring of the Octopus King {rCorr AC+1 EV+1 Str+1 Int+1 Dex+1}
MPRegen  0.12/turn              (no ring)

@: no status effects
A: large, unfitting armour, claws 3, fast metabolism 3, gourmand, regeneration
1, shaggy fur 1, tough skin 2
a: Berserk, Trog's Hand, Brothers in Arms, Renounce Religion


You were on level 13 of the Dungeon.
You worshipped Trog.
Trog was extremely pleased with you.
You were very full.

You visited 1 branch of the dungeon, and saw 11 of its levels.
You also visited: Ossuary.

You collected 352 gold pieces.
You spent 24 gold pieces at shops.

Inventory:

Hand Weapons
 s - a +2 scythe of protection
 y - a +4 dire flail of venom (weapon)
Missiles
 H - 2 large rocks (quivered)
Armour
 a - a +1 animal skin (worn)
 g - a scarf of cloud immunity (worn)
Jewellery
 l - an amulet of regeneration (around neck)
 r - a ring of the Octopus King (left claw) {rCorr AC+1 EV+1 Str+1 Int+1 Dex+1}
   (You found it on level 5 of the Dungeon)

   [ring of resist corrosion]

   It affects your AC (+1).
   It affects your evasion (+1).
   It affects your strength (+1).
   It affects your intelligence (+1).
   It affects your dexterity (+1).
 C - an uncursed ring of wizardry
Wands
 z - a wand of polymorph (7)
 A - a wand of digging (25)
 F - a wand of random effects (13)
 G - a wand of clouds (5)
Scrolls
 f - 5 scrolls of identify
 i - 4 scrolls of amnesia
 k - 3 scrolls of enchant armour
 n - a scroll of teleportation {unknown}
 q - 4 scrolls of remove curse
 x - 2 scrolls of enchant weapon
 B - a scroll of vulnerability {unknown}
 D - a scroll of random uselessness {unknown}
Potions
 c - 2 potions of brilliance
 d - 2 potions of might {unknown}
 e - a potion of cancellation
 h - 3 potions of flight
 j - a potion of berserk rage {unknown}
 m - 6 potions of lignification {unknown}
 o - 6 potions of curing {unknown}
 t - 2 potions of mutation {unknown}
 u - 2 potions of ambrosia {unknown}
 v - a potion of agility {unknown}
 w - a potion of invisibility {unknown}
 E - 3 potions of resistance {unknown}
Comestibles
 b - 11 rations
 p - 14 chunks of flesh


   Skills:
 + Level 12.4 Fighting
 + Level 0.0 Throwing
 - Level 2.4 Dodging
 - Level 11.0 Unarmed Combat


You had 10 spell levels left.
You didn't know any spells.
Your spell library contained the following spells:

 Spells                   Type           Power        Failure   Level  Hunger
 Flame Tongue             Conj/Fire      #....        50%         1    ##.....
 Throw Flame              Conj/Fire      #.....       65%         2    ###....
 Conjure Flame            Conj/Fire      #.......     86%         3    ####...
 Inner Flame              Hex/Fire       #.......     86%         3    ####...
 Sticky Flame             Conj/Fire      #.......     99%         4    #####..
 Fireball                 Conj/Fire      #.........   100%        5    ######.


Dungeon Overview and Level Annotations

Branches:
Dungeon (10/15)              Lair (0/6) D:8
 Temple: D:4-7          Orc: D:9-12

Altars:
Elyvilon
Hepliaklqana
Makhleb
Nemelex Xobeh
Sif Muna
Trog
Uskayaw
Vehumet
Wu Jian
The Shining One

Shops:
D:5 ?*   D:6 [   D:7 :   D:9 (?


Innate Abilities, Weirdness & Mutations

You are too large for most types of armour.
You have claws for hands.
Your metabolism is lightning-fast.
You like to eat raw meat.
Your natural rate of healing is unusually fast.
You are covered in fur. (AC +1)
You have very tough skin. (AC +2)


Message History

* * * LOW HITPOINT WARNING * * *
The six-headed hydra bites you.
* * * LOW HITPOINT WARNING * * *
The six-headed hydra bites you but does no damage.
Throwing (i - inventory)
H - 3 large rocks (quivered)
Press: ? - help, Shift-Dir - straight line, f/p - six-headed hydra
Aim: a six-headed hydra (severely wounded)
You throw a large rock.
The large rock hits the six-headed hydra!
The six-headed hydra is almost dead.
Your ogre rages.
The six-headed hydra misses you. The six-headed hydra bites you!
* * * LOW HITPOINT WARNING * * *
The six-headed hydra closely misses you. x2
The six-headed hydra bites you.
* * * LOW HITPOINT WARNING * * *
The six-headed hydra bites you.
* * * LOW HITPOINT WARNING * * *
The six-headed hydra bites you!
You die...

######+##.#
#O@D(....#
#.##.....#
#.# .....#
#.# .....#
#.# .....#
#####.#
.....#
#.....#
.....#
#.#####
.....#
#.##########


You could see a six-headed hydra and a friendly ogre (berserk).

Vanquished Creatures
  Erolcha (D:10)
  A queen ant (D:10)
  Pikel (D:7)
  A komodo dragon (D:8)
  2 trolls (D:10)
  A hornet (D:10)
  A queen bee (D:8)
  A hippogriff (D:10)
  Sigmund (D:4)
  3 spriggans (D:10)
  Eustachio (D:5)
  Grum (D:10)
  A hungry ghost (D:10)
  Edmund (D:5)
  11 soldier ants (D:10)
  Duvessa (D:5)
  A water moccasin (D:5)
  An ice beast (D:6)
  A sky beast (D:10)
  A necrophage (D:8)
  3 orc warriors
  2 black bears (D:10)
  4 slaves (D:7)
  9 ogres
  4 wolves (D:10)
  A phantom (D:6)
  4 centaurs
  A big kobold (D:10)
  3 bullfrogs
  Dowan (D:5)
  A water moccasin zombie (Ossuary)
  5 jellies
  4 scorpions
  14 killer bees (D:8)
  3 howler monkeys (D:8)
  5 wights (D:8)
  3 crimson imps
  A bullfrog zombie (D:8)
  4 hounds
  6 orc wizards
  A bullfrog skeleton (D:6)
  6 orc priests
  An iguana (D:10)
  Natasha (D:2)
  19 worker ants
  5 big kobold zombies (Ossuary)
  2 hound zombies
  2 mummies (Ossuary)
  2 hound skeletons (D:8)
  A worker ant zombie (D:5)
  A gnoll (D:10)
  11 adders
  3 shadow imps
  9 adder zombies
  6 worms
  A dart slug (D:1)
  6 leopard geckos
  16 orcs
  3 giant cockroaches
  A gnoll zombie (Ossuary)
  4 goblins
  3 hobgoblins
  3 jackals (D:5)
  6 kobolds
  4 quokkas
  A ball python (D:3)
  8 bats
  3 frilled lizards
  5 hobgoblin zombies (Ossuary)
  A jackal skeleton (D:9)
  3 kobold zombies (Ossuary)
  4 orc zombies (Ossuary)
  2 rats
  A plant (D:8)
256 creatures vanquished.

Vanquished Creatures (collateral kills)
  3 soldier ants (D:10)
  A worker ant (D:10)
  3 gnolls (D:10)
  A shadow imp (D:10)
8 creatures vanquished.

Vanquished Creatures (others)
  A plant (D:8)
1 creature vanquished.

Grand Total: 265 creatures vanquished

Notes
Turn   | Place    | Note
-------+----------+-------------------------------------------
     0 | D:1      | sudoninja17 the Troll Berserker began the quest for the
                  | Orb.
     0 | D:1      | Reached XP level 1. HP: 22/22 MP: 0/0
   272 | D:1      | Reached XP level 2. HP: 24/29 MP: 1/1
   954 | D:2      | Reached XP level 3. HP: 36/36 MP: 2/2
  1113 | D:2      | Reached ** piety under Trog
  1171 | D:2      | Noticed Natasha
  1176 | D:2      | Killed Natasha
  1176 | D:2      | Reached skill level 5 in Unarmed Combat
  1176 | D:2      | Reached XP level 4. HP: 35/44 MP: 3/3
  1602 | D:3      | Reached XP level 5. HP: 46/50 MP: 4/4
  1836 | D:4      | Noticed an ogre
  1850 | D:4      | Killed an ogre
  1850 | D:4      | Reached XP level 6. HP: 25/59 MP: 5/5
  1990 | D:4      | Noticed Sigmund
  2001 | D:4      | Killed Sigmund
  2056 | D:4      | Found a white marble altar of Elyvilon.
  2126 | D:4      | Reached XP level 7. HP: 65/66 MP: 6/6
  2175 | D:5      | Entered Level 5 of the Dungeon
  2175 | D:5      | Found Vahypij's Magic Scroll Boutique.
  2175 | D:5      | Found Kunotosi's General Store.
  2186 | D:5      | Found the ring of the Octopus King
  2188 | D:5      | Bought a scroll of identify for 24 gold pieces
  2200 | D:5      | Found a bloodstained altar of Trog.
  2221 | D:5      | Reached *** piety under Trog
  2264 | D:5      | Got a ring of the Octopus King
  2265 | D:5      | Identified a ring of the Octopus King {rCorr AC+1 EV+1
                  | Str+1 Int+1 Dex+1} (You found it on level 5 of the Dungeon)
  2300 | D:5      | Noticed Duvessa
  2301 | D:5      | Noticed Dowan
  2304 | D:5      | Killed Duvessa
  2310 | D:5      | Killed Dowan
  2310 | D:5      | Reached XP level 8. HP: 72/74 MP: 7/7
  2339 | D:5      | Reached skill level 10 in Unarmed Combat
  2381 | D:5      | Noticed Eustachio
  2393 | D:5      | Noticed Edmund
  2409 | D:5      | Killed Edmund
  2440 | D:5      | Killed Eustachio
  2522 | D:5      | Reached skill level 3 in Fighting
  2540 | D:5      | Found a hazy altar of Hepliaklqana.
  2615 | D:6      | Reached skill level 4 in Fighting
  2650 | D:6      | Found Ydghal's Antique Armour Shoppe.
  2698 | D:6      | Reached XP level 9. HP: 85/85 MP: 8/8
  2722 | D:6      | Reached skill level 5 in Fighting
  2982 | D:6      | Reached **** piety under Trog
  3017 | D:6      | Reached skill level 6 in Fighting
  3142 | D:7      | Found an ornate altar of the Wu Jian Council.
  3190 | D:7      | Found Fuciz's Book Boutique.
  3321 | D:7      | Reached skill level 7 in Fighting
  3367 | D:7      | Found a radiant altar of Vehumet.
  3369 | D:7      | Found a glowing golden altar of the Shining One.
  3427 | D:7      | Found a sand-covered staircase.
  3434 | D:7      | Noticed Pikel
  3443 | D:7      | Killed Pikel
  3443 | D:7      | Reached skill level 8 in Fighting
  3451 | Ossuary  | Entered an ossuary
  3562 | Ossuary  | Reached ***** piety under Trog
  3880 | D:8      | Reached XP level 10. HP: 106/106 MP: 9/9
  3939 | D:8      | Found a staircase to the Lair.
  4068 | D:8      | Found a sparkling altar of Nemelex Xobeh.
  4092 | D:8      | Reached skill level 9 in Fighting
  4184 | D:8      | Found a burning altar of Makhleb.
  4474 | D:9      | Found Nuinn's Magic Scroll Shop.
  4479 | D:9      | Reached skill level 10 in Fighting
  4483 | D:9      | Found Foepioro's Weapon Boutique.
  4688 | D:9      | Found a deep blue altar of Sif Muna.
  4740 | D:9      | Found a hide-covered altar of Uskayaw.
  4767 | D:10     | Entered Level 10 of the Dungeon
  4811 | D:10     | Noticed a queen ant
  4835 | D:10     | Killed a queen ant
  4835 | D:10     | Reached skill level 11 in Fighting
  4844 | D:10     | Reached XP level 11. HP: 72/119 MP: 10/10
  4994 | D:10     | Noticed Grum
  5005 | D:10     | Paralysed by a hornet for 1 turns
  5016 | D:10     | Killed Grum
  5190 | D:10     | Noticed Erolcha
  5197 | D:10     | Killed Erolcha
  5197 | D:10     | Reached skill level 12 in Fighting
  5561 | D:10     | You fall through a shaft for 3 floors!
  5574 | D:13     | Noticed a six-headed hydra
  5581 | D:13     | Slain by a six-headed hydra

Skill      XL: |  1  2  3  4  5  6  7  8  9 10 11 |
---------------+----------------------------------+-----
Unarmed Combat | 4 5 6 8 9 11 | 11.0
Fighting       | 4 8 11 12 | 12.4
Dodging        | |  2.4

Action                   |  1- 3 |  4- 6 |  7- 9 | 10-12 || total
-------------------------+-------+-------+-------+-------++-------
Melee: Unarmed           |    74 |    95 |   268 |   289 ||   726
       Punch             |     1 |     2 |    15 |    11 ||    29
Throw: Large rock        |       |       |       |     3 ||     3
Invok: Berserk           |       |     2 |     2 |     3 ||     7
       Trog's Hand       |       |     1 |     1 |     4 ||     6
       Brothers in Arms  |       |       |       |     3 ||     3
  Use: Scroll            |       |       |     7 |     2 ||     9
       Potion            |       |       |       |     3 ||     3
 Stab: Sleeping          |       |     1 |     1 |     2 ||     4
  Eat: Chunk             |     8 |    16 |    15 |    28 ||    67
       Ration            |     1 |       |       |       ||     1
Armor: Animal skin       |    35 |    27 |    94 |    73 ||   229
Dodge: Dodged            |    61 |    46 |   201 |   168 ||   476
